 Dungeon Crawl Stone Soup version 0.18.1-48-g4cf74bf (webtiles) character file.

443 LaserPewPew the Skirmisher (level 7, -7/99 HPs)
             Began as a Naga Berserker on Sept 5, 2016.
             Was a Priest of Trog.
             Mangled by a scorpion (8 damage)
             ... on level 5 of the Dungeon.
             The game lasted 00:36:17 (3786 turns).

LaserPewPew the Skirmisher (Naga Berserker)         Turns: 3786, Time: 00:36:17

Health: -7/99      AC:  8    Str: 26    XL:     7   Next: 2%
Magic:  7/7        EV:  5    Int:  8    God:    Trog [***...]
Gold:   25         SH: 14    Dex: 10    Spells: 0 memorised, 6 levels left

rFire  x . .     SeeInvis +     a - +0 mace
rCold  + . .     Gourm    .     d - +1 ring mail
rNeg   . . .     Faith    .     e - +0 large shield
rPois  +         Spirit   .     h - +0 helmet
rElec  .         Dismiss  .     b - +0 cloak
rCorr  .         Reflect  .     (no gloves)
SustAt .         Harm     .     (no barding)
MR     ++...                    (no amulet)
Stlth  ..........               l - ring of poison resistance
                                j - ring of ice

@: berserking, lethally poisoned (-7 -> -8), regenerating, quick, very resistant
to hostile enchantments, extremely unstealthy
A: see invisible, deformed body, poison resistance, slowness 2, slow metabolism
1, spit poison 2, AC +2
a: Spit Poison, Berserk, Trog's Hand, Burn Spellbooks, Renounce Religion


You were on level 5 of the Dungeon.
You worshipped Trog.
Trog was most pleased with you.
You were not hungry.

You visited 1 branch of the dungeon, and saw 5 of its levels.

You collected 135 gold pieces.
You spent 110 gold pieces at shops.

Inventory:

Hand Weapons
 a - a +0 mace (weapon)
Armour
 b - a +0 cloak (worn)
 d - a +1 ring mail (worn)
 e - a +0 large shield (worn)
 h - a +0 helmet (worn)
Jewellery
 j - a ring of ice (left hand)
 l - a ring of poison resistance (right hand)
Scrolls
 f - 2 scrolls of fear {unknown}
 k - 2 scrolls of identify
Comestibles
 c - 3 bread rations
 g - a slice of pizza
 q - 2 fruits


   Skills:
 * Level 4.5 Fighting
 + Level 3.9 Maces & Flails
 + Level 3.0 Armour
 + Level 3.0 Dodging
 + Level 2.3 Shields


You had 6 spell levels left.
You didn't know any spells.

Dungeon Overview and Level Annotations

Branches:
Dungeon (5/15)
 Temple: D:4-7

Altars:
Cheibriados
Gozag
Qazlal

Shops:
D:4 %


Innate Abilities, Weirdness & Mutations

You cannot wear boots.
Your serpentine skin is tough (AC +2).
You have supernaturally acute eyesight.
Armour fits poorly on your strangely shaped body.
Your system is resistant to poisons.
You cover ground very slowly.
You have a slow metabolism.
You can spit poison.


Message History

* * * LOW HITPOINT WARNING * * *
The orc wizard closely misses you. The scorpion stings you!
* * * LOW HITPOINT WARNING * * *
You are poisoned.
The scorpion poisons you! The orc hits you but does no damage.
A red film seems to cover your vision as you go berserk!
You feel yourself moving faster!
You feel mighty!
You feel somewhat more hungry.
You feel sick.
The orc priest mumbles some strange prayers to Beogh against you.
Beogh smites you!
* * * LOW HITPOINT WARNING * * *
You block the orc wizard's attack. The scorpion stings you.
* * * LOW HITPOINT WARNING * * *
You block the orc's attack.
You closely miss the scorpion.
The scorpion is almost dead.
* * * LOW HITPOINT WARNING * * *
You feel sick. You block the orc priest's attack.
You block the orc wizard's attack. The scorpion stings you!
You die...

#.##....|......
#)......#
#......##
)รท##.#.#
...).#.# #
...#.#.## .#
...>....#
####.####
........#
#..s.o..#
#.......# #o@#
#.##...... #oo#
#.####..#..
#..# #.# .)#..
#..# #.. .#
#... ### #...
####


You could see a scorpion, an orc priest, 2 orc wizards and an orc.

Vanquished Creatures
  An ogre (D:5)
  2 hounds
  An orc priest (D:3)
  2 orc wizards (D:5)
  A centaur skeleton (D:4)
  2 worker ants
  2 adders
  An ooze (D:4)
  A worm (D:3)
  2 dart slugs
  4 giant geckos
  8 orcs
  11 bats
  8 giant cockroaches
  12 goblins
  11 hobgoblins
  6 jackals
  2 quokkas (D:2)
  2 ball pythons
  2 giant newts
  11 kobolds
  8 rats
100 creatures vanquished.

Notes
Turn   | Place    | Note
--------------------------------------------------------------
     0 | D:1      | LaserPewPew the Naga Berserker began the quest for the Orb.
     0 | D:1      | Reached XP level 1. HP: 21/21 MP: 1/1
    60 | D:1      | Reached XP level 2. HP: 23/28 MP: 2/2
   359 | D:1      | Reached ** piety under Trog
   478 | D:1      | Reached XP level 3. HP: 27/34 MP: 3/3
  1237 | D:2      | Reached XP level 4. HP: 44/44 MP: 4/4
  1429 | D:2      | Found a faded altar to an unknown god.
  1989 | D:3      | Reached skill level 4 in Fighting
  1989 | D:3      | Reached XP level 5. HP: 50/50 MP: 5/5
  1999 | D:3      | Reached skill level 1 in Shields
  2002 | D:3      | Reached *** piety under Trog
  2081 | D:3      | Found a snail-covered altar of Cheibriados.
  2761 | D:4      | Found Acur Giu's Food Shoppe.
  2800 | D:4      | Bought 2 fruits for 30 gold pieces
  2800 | D:4      | Bought a slice of pizza for 15 gold pieces
  2800 | D:4      | Bought a slice of pizza for 15 gold pieces
  2828 | D:4      | Found a stormy altar of Qazlal.
  2936 | D:4      | Reached XP level 6. HP: 39/57 MP: 6/6
  3440 | D:4      | Bought a bread ration for 50 gold pieces
  3476 | D:5      | Entered Level 5 of the Dungeon
  3502 | D:5      | Found an opulent altar of Gozag.
  3546 | D:5      | Reached XP level 7. HP: 25/66 MP: 7/7
  3785 | D:5      | HP: 4/99 [orc priest/divine providence (15)]
  3785 | D:5      | HP: 1/99 [scorpion (3)]
  3786 | D:5      | Mangled by a scorpion

Skill      XL: |  1  2  3  4  5  6 |
---------------+-------------------+-----
Armour         | 2 3 |  3.0
Dodging        | 2 3 |  3.0
Fighting       | 4 |  4.5
Shields        | 1 2 |  2.3
Maces & Flails | |  3.9

Action                   |  1- 3 |  4- 6 |  7- 9 || total
-------------------------+-------+-------+-------++-------
Melee: Mace              |   136 |   272 |    13 ||   421
Invok: Berserk           |       |     1 |     1 ||     2
       Trog's Hand       |       |     1 |     1 ||     2
  Use: Potion            |     4 |     4 |     1 ||     9
       Scroll            |     3 |     8 |       ||    11
  Eat: Beef jerky        |     1 |     1 |       ||     2
       Chunk             |       |     4 |       ||     4
       Pizza             |       |     1 |     1 ||     2
Armor: Ring mail         |    93 |   135 |    14 ||   242
Dodge: Dodged            |    64 |    50 |     3 ||   117
Block: Large shield      |    39 |   225 |    22 ||   286
